 Dungeon Crawl Stone Soup version 0.25-a0-890-g62861fb (webtiles) character file.

Game seed: 6203471392918023126, levelgen mode: deterministic

609 robertstho the Charmwright (level 7, 0/56 HPs)
             Began as a Gnoll Skald on May 6, 2020.
             Killed from afar by a gargoyle (8 damage)
             ... with a stone arrow
             ... on level 6 of the Dungeon.
             The game lasted 00:06:00 (3471 turns).

robertstho the Charmwright (Gnoll Skald)            Turns: 3471, Time: 00:06:00

Health: 0/56       AC:  4    Str: 11    XL:     7   Next: 43%
Magic:  14/15      EV: 14    Int: 16    God:
Gold:   195        SH:  0    Dex: 14    Spells: 5/17 levels left

rFire    . . .     SeeInvis .   r - +3 rapier "Apheenox" {freeze, rElec rPois Str-4 Stlth+}
rCold    . . .     Gourm    .   (no shield)
rNeg     . . .     Faith    .   b - +0 leather armour
rPois    +         Spirit   .   (no helmet)
rElec    +         Reflect  .   (no cloak)
rCorr    .         Harm     .   (no gloves)
MR       .....                  o - +0 pair of boots
Stlth    +++.......             (no amulet)
HPRegen  0.18/turn              (no ring)
MPRegen  0.14/turn              (no ring)

@: shrouded, lightly drained
A: distributed training, fangs 1, strong nose
a: no special abilities


You were on level 6 of the Dungeon.
You were not hungry.

You visited 1 branch of the dungeon, and saw 6 of its levels.

You collected 195 gold pieces.

Inventory:

Hand Weapons
 j - a +1 trident
 r - the +3 rapier "Apheenox" (weapon) {freeze, rElec rPois Str-4 Stlth+}
   (You found it on level 4 of the Dungeon)

   It has been specially enchanted to freeze those struck by it, causing extra
   injury to most foes and up to half again as much damage against particularly
   susceptible opponents.
   It can also slow down cold-blooded creatures.
   It affects your strength (-4).
   It insulates you from electricity.
   It protects you from poison.
   It makes you more stealthy.
Armour
 b - a +0 leather armour (worn)
 o - a +0 pair of boots (worn)
Scrolls
 c - a scroll of enchant weapon
 e - 6 scrolls of remove curse
 f - 3 scrolls of identify
 i - a scroll of magic mapping
 l - a scroll of blinking
 n - 3 scrolls of teleportation {unknown}
 p - a scroll of fog {unknown}
 q - a scroll of amnesia {unknown}
Potions
 a - 2 potions of curing
 g - a potion of brilliance {unknown}
 h - a potion of mutation {unknown}
 k - a potion of lignification {unknown}
 m - 4 potions of resistance {unknown}
 s - a potion of heal wounds
 t - 3 potions of flight {unknown}
Comestibles
 d - 5 rations
 u - 3 chunks of flesh


   Skills:
 + Level 5.2 Fighting
 + Level 2.4 Short Blades
 + Level 2.4 Long Blades
 + Level 2.4 Axes
 + Level 2.4 Maces & Flails
 + Level 5.2 Polearms
 + Level 2.4 Staves
 + Level 2.4 Slings
 + Level 2.4 Bows
 + Level 2.4 Crossbows
 + Level 2.4 Throwing
 + Level 3.6(3.5) Armour
 + Level 5.2 Dodging
 + Level 2.4 Stealth
 + Level 2.4 Shields
 + Level 2.4 Unarmed Combat
 + Level 5.6(5.5) Spellcasting
 + Level 2.0(1.9) Conjurations
 + Level 2.0(1.9) Hexes
 + Level 5.8 Charms
 + Level 2.0(1.9) Summonings
 + Level 2.0(1.9) Necromancy
 + Level 2.0(1.9) Translocations
 + Level 2.0(1.9) Transmutations
 + Level 2.0(1.9) Fire Magic
 + Level 2.0(1.9) Ice Magic
 + Level 2.0(1.9) Air Magic
 + Level 2.0(1.9) Earth Magic
 + Level 2.0(1.9) Poison Magic
 + Level 2.7(2.6) Invocations
 + Level 2.4 Evocations


You had 5 spell levels left.
You knew the following spells:

 Your Spells              Type           Power        Failure   Level  Hunger
a - Infusion              Chrm           ###.         1%          1    None
b - Song of Slaying       Chrm           ###.....     2%          2    #......
c - Shroud of Golubria    Chrm/Tloc      ###...       5%          2    #......
d - Ozocubu's Armour      Chrm/Ice       ###.....     11%         3    ###....
e - Spectral Weapon       Hex/Chrm       ###.....     11%         3    ###....
f - Apportation           Tloc           ##....       9%          1    None

Your spell library contained the following spells:

 Spells                   Type           Power        Failure   Level  Hunger
 Animate Skeleton         Necr           N/A          9%          1    None
 Corona                   Hex            ##.....      9%          1    None
 Summon Small Mammal      Summ           ##..         9%          1    None


Dungeon Overview and Level Annotations

Branches:
Dungeon (6/15)
 Temple: D:4-7

Altars:
Ru
Trog
Wu Jian
Yredelemnul

Shops:
D:5 [


Innate Abilities, Weirdness & Mutations

Your experience applies equally to all skills.
You have very sharp teeth.
Your uncanny sense of smell can sniff out nearby items.


Message History

The gargoyle is severely damaged.
The gargoyle barely misses you.
You hit the gargoyle but do no damage.
The gargoyle is severely damaged.
The gargoyle hurls a stone arrow at you.
The stone arrow misses you.
You hit the gargoyle. You freeze the gargoyle.
The gargoyle is almost destroyed.
The gargoyle hurls a stone arrow at you.
The stone arrow hits you!!
* * * LOW HITPOINT WARNING * * *
You hit the gargoyle but do no damage.
You bite the gargoyle, but do no damage.
The gargoyle is almost destroyed.
Your shroud bends the gargoyle's attack away!
You hit the gargoyle but do no damage.
The gargoyle is almost destroyed.
The gargoyle hurls a stone arrow at you.
The stone arrow hits you!
You die...

#.....# ..
#.###.###
.# #.#
#...# .#
#.###.#.#.#
#....>#<.#
###.#####.#
#.# #.# #.#
... #@# #.#
#9# ...
#.Z.# ∆ ##
#.....#
##...##
#..## ...#
...# .....


You could see a gargoyle and a water moccasin zombie.

Vanquished Creatures
  Sigmund (D:5)
  Menkaure (D:5)
  A scorpion (D:4)
  A howler monkey (D:4)
  A crimson imp (D:5)
  A hound (D:5)
  A worker ant (D:4)
  A hound skeleton (D:4)
  6 adders
  A shadow imp (D:5)
  An ooze (D:2)
  An adder zombie (D:5)
  4 dart slugs (D:2)
  5 leopard geckos
  An orc (D:2)
  4 bats
  2 giant cockroaches
  3 goblins
  7 hobgoblins
  9 jackals
  A quokka (D:4)
  A frilled lizard (D:1)
  8 kobolds
  7 rats
69 creatures vanquished.

Notes
Turn   | Place    | Note
-------+----------+-------------------------------------------
     0 | D:1      | robertstho the Gnoll Skald began the quest for the Orb.
     0 | D:1      | Reached XP level 1. HP: 20/20 MP: 6/6
   112 | D:1      | Reached XP level 2. HP: 25/26 MP: 7/7
   604 | D:2      | Reached skill level 5 in Spellcasting
   604 | D:2      | Reached XP level 3. HP: 25/31 MP: 7/9
   690 | D:2      | Reached skill level 1 in Invocations
   701 | D:2      | Found a basalt altar of Yredelemnul.
  1025 | D:1      | Learned a level 2 spell: Song of Slaying
  1028 | D:1      | Learned a level 2 spell: Shroud of Golubria
  1032 | D:1      | Learned a level 3 spell: Ozocubu's Armour
  1036 | D:1      | Learned a level 3 spell: Spectral Weapon
  1038 | D:1      | Learned a level 1 spell: Apportation
  1050 | D:2      | Reached skill level 1 in Short Blades
  1050 | D:2      | Reached skill level 1 in Long Blades
  1050 | D:2      | Reached skill level 1 in Axes
  1050 | D:2      | Reached skill level 1 in Maces & Flails
  1050 | D:2      | Reached skill level 1 in Staves
  1050 | D:2      | Reached skill level 1 in Slings
  1050 | D:2      | Reached skill level 1 in Bows
  1050 | D:2      | Reached skill level 1 in Crossbows
  1050 | D:2      | Reached skill level 1 in Throwing
  1050 | D:2      | Reached skill level 1 in Stealth
  1050 | D:2      | Reached skill level 1 in Shields
  1050 | D:2      | Reached skill level 1 in Unarmed Combat
  1050 | D:2      | Reached skill level 1 in Evocations
  1148 | D:2      | Reached XP level 4. HP: 33/38 MP: 11/11
  1653 | D:3      | Reached skill level 1 in Conjurations
  1653 | D:3      | Reached skill level 1 in Hexes
  1653 | D:3      | Reached skill level 1 in Summonings
  1653 | D:3      | Reached skill level 1 in Necromancy
  1653 | D:3      | Reached skill level 1 in Translocations
  1653 | D:3      | Reached skill level 1 in Transmutations
  1653 | D:3      | Reached skill level 1 in Fire Magic
  1653 | D:3      | Reached skill level 1 in Ice Magic
  1653 | D:3      | Reached skill level 1 in Air Magic
  1653 | D:3      | Reached skill level 1 in Earth Magic
  1653 | D:3      | Reached skill level 1 in Poison Magic
  1819 | D:3      | Found a basalt altar of Yredelemnul.
  1823 | D:3      | You fall into a shaft and drop 1 floor!
  1837 | D:4      | Reached XP level 5. HP: 26/43 MP: 12/12
  2123 | D:4      | Found a bloodstained altar of Trog.
  2147 | D:4      | Reached XP level 6. HP: 35/50 MP: 13/13
  2297 | D:4      | Found an ornate altar of the Wu Jian Council.
  2368 | D:4      | Got a translucent rapier
  2368 | D:4      | Identified the +3 rapier "Apheenox" {freeze, rElec rPois
                  | Str-4 Stlth+} (You found it on level 4 of the Dungeon)
  2649 | D:5      | Entered Level 5 of the Dungeon
  2881 | D:5      | Found Qiohir's Antique Armour Shoppe.
  2937 | D:5      | Reached skill level 5 in Fighting
  2937 | D:5      | Reached skill level 5 in Polearms
  2937 | D:5      | Reached skill level 5 in Dodging
  2993 | D:5      | Found a sacrificial altar of Ru.
  3076 | D:5      | Noticed Menkaure
  3082 | D:5      | Killed Menkaure
  3082 | D:5      | Reached XP level 7. HP: 22/56 MP: 15/15
  3331 | D:5      | Noticed Sigmund
  3340 | D:5      | Killed Sigmund
  3452 | D:6      | Noticed a gargoyle
  3471 | D:6      | Killed from afar by a gargoyle

Levels and vault maps discovered:
D:1:      enne_arrival_octagon_isle, layout_basic,
          chequers_serial_rivers_room_a, minmay_statues_item
D:2:      layout_basic, nicolae_overflow_crystal_walls, minivault_4
D:3:      layout_basic, lemuel_crystal_altar, dancing_weapons_uskayaw,
          minivault_25, yredelemnul_altar_generic
D:4:      layout_loops_corners, bloody_trog, kennysheep_mini_moat, first_ration
D:5:      layout_gridville, serial_shops, shop, basic_altar, uniq_menkaure,
          uniq_sigmund
D:6:      layout_loops_ring, minmay_temple_entry_glass

Skill      XL: |  1  2  3  4  5  6  7 |
---------------+----------------------+-----
Spellcasting   | 5 |  5.6
Invocations    | 1 2 |  2.7
Short Blades   | 1 2 |  2.4
Long Blades    | 1 2 |  2.4
Axes           | 1 2 |  2.4
Maces & Flails | 1 2 |  2.4
Staves         | 1 2 |  2.4
Slings         | 1 2 |  2.4
Bows           | 1 2 |  2.4
Crossbows      | 1 2 |  2.4
Throwing       | 1 2 |  2.4
Stealth        | 1 2 |  2.4
Shields        | 1 2 |  2.4
Unarmed Combat | 1 2 |  2.4
Evocations     | 1 2 |  2.4
Conjurations   | 1 2 |  2.0
Hexes          | 1 2 |  2.0
Summonings     | 1 2 |  2.0
Necromancy     | 1 2 |  2.0
Translocations | 1 2 |  2.0
Transmutations | 1 2 |  2.0
Fire Magic     | 1 2 |  2.0
Ice Magic      | 1 2 |  2.0
Air Magic      | 1 2 |  2.0
Earth Magic    | 1 2 |  2.0
Poison Magic   | 1 2 |  2.0
Armour         | 3 |  3.6
Fighting       | 5 |  5.2
Polearms       | 5 |  5.2
Dodging        | 5 |  5.2
Charms         | |  5.8

Action                   |  1- 3 |  4- 6 |  7- 9 || total
-------------------------+-------+-------+-------++-------
Melee: Spear             |   105 |       |       ||   105
       Bite              |    12 |    11 |     4 ||    27
       Trident           |    14 |   146 |       ||   160
       Rapier            |       |    20 |    21 ||    41
 Cast: Shroud of Golubri |     1 |     2 |     2 ||     5
       Infusion          |     1 |       |     1 ||     2
  Use: Scroll            |       |     7 |       ||     7
 Stab: Sleeping          |     1 |     2 |     1 ||     4
       Distracted        |     1 |       |       ||     1
  Eat: Chunk             |     1 |     3 |     1 ||     5
       Ration            |       |     1 |       ||     1
Armor: Leather armour    |    12 |    30 |     2 ||    44
Dodge: Dodged            |    56 |   112 |    10 ||   178

Table legend:
 A = Non-vault XP
 B = Vault XP
 C = Vault XP percentage of total XP
 D = Non-vault monster count
 E = Vault monster count
 F = Vault count percentage of total count
                 A         B        C        D         E       F
            +---------+---------+-------+---------+---------+-------
      Total |     471 |     400 |  45.9 |      67 |       2 |   2.9
            +---------+---------+-------+---------+---------+-------
        D:1 |      20 |       0 |   0.0 |      13 |       0 |   0.0
        D:2 |      84 |       0 |   0.0 |      25 |       0 |   0.0
        D:3 |      49 |       0 |   0.0 |      15 |       0 |   0.0
        D:4 |     210 |       0 |   0.0 |      10 |       0 |   0.0
        D:5 |     108 |     400 |  78.7 |       4 |       2 |  33.3
            +---------+---------+-------+---------+---------+-------
